Map: Reclamation LE

Players

Ekelpack

  • Race: Zerg Zerg
  • Spawn Location: 5:00

Nyck

  • Race: Terran Terran
  • Spawn Location: 6:00

Scapula

  • Race: Protoss Protoss
  • Spawn Location: 12:00

Piotruś

  • Race: Zerg Zerg
  • Spawn Location: 11:00

VOD

Have the link to the VOD?

Description

Time

  • Played on: Jan. 29, 2025, 1:08 p.m.
  • Length: 4:24
Show
View Real Time Build Order
Export as new Build Order

Ekelpack Zerg 

Build Orders: Hatch First 

Get SALT Encoding   

  12  0:00  Drone  
  13  0:12  Overlord  
  13  0:18  Drone  
  14  0:32  Drone  
  15  0:44  Hatchery  
  15  0:47  Drone  
  15  0:52  Drone  
  16  1:06  Spawning Pool  
  16  1:09  Drone  
  16  1:12  Extractor  
  16  1:16  Drone  
  16  1:19  Drone  
  16  1:23  Drone  
  18  1:32  Drone  
  19  1:42  Drone  
  20  1:52  Queen  
  22  1:54  Overlord  
  22  1:58  Drone  
  23  2:04  Drone  
  24  2:08  Drone  
  24  2:14  Drone  
  26  2:20  Drone  
  27  2:25  Drone  
  27  2:29  Extractor  
  27  2:35  Lair  
  27  2:36  Zergling x4  
  29  2:40  Queen  
  31  2:44  Zergling x2  
  31  2:49  Zergling x2  
  33  2:52  Zergling x2  
  33  2:56  Metabolic Boost  
  33  2:58  Zergling x2  
  35  3:07  Drone  
  36  3:12  Overlord  
  36  3:23  Extractor  
  36  3:24  Drone  
  36  3:40  Spire  
  36  3:41  Drone  
  36  3:42  Overlord  
  35  4:04  Zergling x4  
  35  4:05  Zergling x12  
  35  4:06  Zergling x4  
Show
View Real Time Build Order
Export as new Build Order

Nyck Terran 

Build Orders:  

Get SALT Encoding   

  12  0:00  SCV  
  13  0:12  SCV  
  14  0:19  Supply Depot  
  14  0:25  SCV  
  15  0:40  SCV  
  15  0:42  Barracks  
  16  0:46  Refinery  
  16  0:53  SCV  
  17  1:00  Refinery  
  17  1:05  SCV  
  18  1:17  SCV  
  19  1:30  Supply Depot  
  19  1:31  Reaper  
  20  1:35  Orbital Command  
  20  1:59  Barracks  
  20  2:05  Marine  
  20  2:06  SCV  
  22  2:18  SCV  
  23  2:23  Marine  
  24  2:41  Marine  
  25  2:46  Marine  
  26  2:53  Supply Depot  
  26  2:59  SCV, Reaper  
  26  3:04  Reaper  
  29  3:10  Command Center  
  29  3:12  Engineering Bay  
  29  3:15  Engineering Bay  
  29  3:34  Bunker  
  29  3:40  SCV  
  30  3:42  Reaper x2  
  32  3:52  SCV  
Show
View Real Time Build Order
Export as new Build Order

Scapula Protoss 

Build Orders:  

Get SALT Encoding   

  12  0:01  Probe  
  13  0:13  Pylon  
  13  0:18  Probe  
  14  0:30  Probe  
  14  0:31  Gateway  
  15  0:38  Probe  
  16  0:44  Assimilator  
  16  0:48  Probe  
  16  0:52  Assimilator  
  17  1:00  Probe  
  18  1:06  Gateway  
  18  1:13  Probe  
  19  1:18  Cybernetics Core  
  19  1:25  Probe  
  20  1:37  Probe  
  21  1:42  Warp Gate  
  21  1:48  Pylon  
  21  1:49  Probe  
  22  2:01  Stalker  
  22  2:03  Stalker  
  22  2:07  Pylon  
  26  2:08  Probe  
  27  2:20  Stalker  
  27  2:30  Stalker  
  31  2:38  Gateway  
  31  2:49  Gateway  
  31  3:00  Stalker x2  
  35  3:12  Pylon  
  35  3:14  Pylon  
  35  3:42  Stalker x3  
  35  3:45  Stalker  
  43  4:05  Stalker x2  
  43  4:06  Stalker  
  49  4:19  Stalker  
  49  4:22  Pylon  
Show
View Real Time Build Order
Export as new Build Order

Piotruś Zerg 

Build Orders: Pool Only 

Get SALT Encoding   

  12  0:02  Drone  
  13  0:13  Drone  
  14  0:26  Spawning Pool  
  13  0:30  Drone  
  14  0:37  Extractor  
  14  0:38  Drone  
  14  0:45  Overlord  
  14  1:05  Drone x2  
  14  1:07  Drone  
  17  1:19  Overlord  
  17  1:27  Queen  
  17  1:32  Overlord  
  19  1:39  Metabolic Boost  
  19  1:46  Zergling x2  
  20  1:54  Zergling x2  
  21  2:03  Zergling x2  
  21  2:07  Queen  
  24  2:12  Zergling x2  
  25  2:27  Zergling x2  
  26  2:46  Zergling x4  
  26  2:47  Zergling x4  
  30  3:10  Drone x2  
  32  3:16  Zergling x6  
  35  3:20  Lair  
  35  3:32  Zergling x4  
  37  3:45  Zergling x2  
  37  3:47  Overlord x2  
Tags
 
Add a new tag
Caveats
  • Supply blocks, unpowered buildings, or Contaminate may cause inaccurate times.
  • Supply counts are checked every 10 seconds.